 Dungeon Crawl Stone Soup version 0.22-a0-252-gcace5d2 (webtiles) character file.

1477 mhoghedin the Nimble (level 8, 38/38 HPs)
             Began as a Felid Venom Mage on Mar 1, 2018.
             Was a Believer of Yredelemnul.
             Quit the game on level 9 of the Dungeon.
             The game lasted 00:23:32 (9609 turns).

mhoghedin the Nimble (Felid Venom Mage)             Turns: 9609, Time: 00:23:32

Health: 38/38      AC:  2    Str:  4    XL:     8   Next: 49%
Magic:  15/15      EV: 23    Int: 19    God:    Yredelemnul [**....]
Gold:   303        SH:  0    Dex: 17    Spells: 3/15 levels left
                                        Lives:  1   Deaths: 1

rFire    + . .     SeeInvis +     - Unarmed
rCold    . . .     Gourm    .   (shield unavailable)
rNeg     . . .     Faith    .   (armour unavailable)
rPois    .         Spirit   .   (helmet unavailable)
rElec    .         Reflect  .   (cloak unavailable)
rCorr    .         Harm     .   (gloves unavailable)
MR       ++...                  (boots unavailable)
Stlth    +++.......             (no amulet)
HPRegen  0.12/turn              f - ring of the Black Skies {+Blink rF+}
MPRegen  0.14/turn              v - ring of protection from magic {MR+, !d}

@: quick
A: very small, no armour, no weapons or thrown items, stealth, claws 1, fangs 3,
see invisible, carnivore, speed 1, shaggy fur 2, slow metabolism 1, sharp paws
a: Animate Remains, Recall Undead Slaves, Injury Mirror, Renounce Religion,
Evoke Blink


You were on level 9 of the Dungeon.
You worshipped Yredelemnul.
Yredelemnul was pleased with you.
You were not hungry.

You visited 1 branch of the dungeon, and saw 9 of its levels.

You collected 523 gold pieces.
You spent 220 gold pieces at shops.

Inventory:

Jewellery
 f - the ring of the Black Skies (left paw) {+Blink rF+}
   (You took it off an orc on level 4 of the Dungeon)

   [ring of protection from fire]

   It protects you from fire.
   It lets you blink.
 n - an uncursed ring of poison resistance {rPois, !d}
   (You bought it in a shop on level 5 of the Dungeon)
 q - an uncursed ring of flight {+Fly, !d}
   (You found it on level 6 of the Dungeon)
 t - a +2 ring of evasion
   (You found it on level 8 of the Dungeon)
 v - a ring of protection from magic (right paw) {MR+, !d}
   (You found it on level 8 of the Dungeon)
Scrolls
 d - a scroll of amnesia
 g - 2 scrolls of remove curse
 m - 3 scrolls of immolation {!r}
 o - 4 scrolls of magic mapping {!r}
 p - a scroll of fear
 r - a scroll of fog
 s - a scroll of teleportation
Potions
 a - 2 potions of curing
 c - 2 potions of haste
 e - a potion of invisibility {unknown}
 h - a potion of mutation {!q}
 i - a potion of resistance {unknown}
Comestibles
 b - 16 rations


   Skills:
 - Level 5.8 Fighting
 + Level 8.0 Dodging
 + Level 2.8 Stealth
 - Level 5.8 Unarmed Combat
 - Level 4.0 Spellcasting
 - Level 0.8 Conjurations
 + Level 4.2 Hexes
 - Level 5.7 Poison Magic
 - Level 3.2 Invocations


You had 3 spell levels left.
You knew the following spells:

 Your Spells              Type           Power        Failure   Level  Hunger
a - Olgreb's Toxic Radia  Pois           ####....     13%         4    ####...
b - Poisonous Vapours     Pois/Air       ##....       6%          2    ##.....
c - Confuse               Hex            ###.....     7%          3    ###....
x - Mephitic Cloud        Conj/Pois/Air  ##......     17%         3    ###....


Dungeon Overview and Level Annotations

Branches:
Dungeon (9/15)             Temple (0/1) D:6
   Lair: D:8-11         Orc: D:9-12

Altars:
Dithmenos
Fedhas
Gozag
Hepliaklqana
Kikubaaqudgha
Nemelex Xobeh
Trog
Wu Jian
Yredelemnul

Shops:
D:5 [=

Annotations:
D:4 1 exclusion


Innate Abilities, Weirdness & Mutations

You cannot wear armour.
You are incapable of wielding weapons or throwing items.
Your paws allow you to move quietly. (Stealth)
You have sharp claws.
You have razor-sharp teeth.
You have supernaturally acute eyesight. (SInv)
You are carnivorous and can eat meat at any time.
You cover ground quickly.
You are covered in thick fur. (AC +2)
You have a slow metabolism.
Your sharp claws are effective at attacking unaware monsters.


Message History

Your scorpion zombie hits the ice beast but does no damage.
The ice beast hits your scorpion zombie but does no damage.
The ice beast hits your scorpion zombie.
The ice beast freezes your scorpion zombie.
Your scorpion zombie resists.
Your scorpion zombie hits the ice beast but does no damage.
The ice beast misses you.
Your scorpion zombie barely misses the ice beast.
The ice beast hits you. The ice beast freezes you!
Your scorpion zombie hits the ice beast but does no damage.
You take 11 damage, and have 27/41 hp.
MASSIVE DAMAGE!!
You scratch the ice beast. The ice beast misses you.
You closely miss the ice beast.
Your scorpion zombie closely misses the ice beast.
The ice beast hits you. The ice beast freezes you!
You take 14 damage, and have 13/41 hp.
MASSIVE DAMAGE!!
Aim: an ice beast (lightly wounded, chance to defeat MR: 50%)
The ice beast appears confused.
The ice beast misses you.
Your scorpion zombie hits the ice beast but does no damage.
You now have 2/16 mp.
You barely miss the ice beast. You bite the ice beast.
The centaur covers its eyes.
You see here an arrow.
Your scorpion zombie barely misses the ice beast.
Your scorpion zombie hits the ice beast.
The two-headed ogre looks more healthy.
Aim: a two-headed ogre, wielding a giant club and a giant spiked club (lightly wounded) Poisonous vapours surround the two-headed ogre!
The centaur shoots an arrow.
The arrow closely misses you.
The two-headed ogre is engulfed in poison gas.
The two-headed ogre is poisoned.
You now have 0/16 mp.
You feel much better.
You regained 23 hp, and now have 36/41 hp.
Okay, then.
Unknown command.
Aim: a two-headed ogre, wielding a giant club and a giant spiked club (moderately wounded, poisoned)
The mass of ice explodes!
The iceblast engulfs the two-headed ogre.
The now-empty wand crumbles to dust.
You hear an angry hiss.
The centaur looks more healthy.
The centaur shoots an arrow.
The arrow closely misses you.
Aim: a two-headed ogre, wielding a giant club and a giant spiked club (heavily wounded) Poisonous vapours surround the two-headed ogre!
The two-headed ogre is engulfed in poison gas.
The two-headed ogre is poisoned.
You now have 0/16 mp.
The two-headed ogre looks more healthy.
The centaur shoots an arrow.
The arrow completely misses you.
You see here an arrow.
Aim: a two-headed ogre, wielding a giant club and a giant spiked club (almost dead) Poisonous vapours surround the two-headed ogre!
The two-headed ogre is engulfed in poison gas.
The two-headed ogre is poisoned.
You now have 0/16 mp.
You scratch the two-headed ogre but do no damage.
The two-headed ogre hits you with a giant club!!
Ouch! That really hurt!
* * * LOW HITPOINT WARNING * * *
The two-headed ogre misses you.
You take 29 damage, and have 10/41 hp.
MASSIVE DAMAGE!!
The centaur shoots an arrow.
The arrow completely misses you.
The centaur shoots an arrow.
The arrow completely misses you.
The two-headed ogre looks more healthy.
You see here an arrow.
You feel much better.
You regained 19 hp, and now have 29/41 hp.
You are confused.
You feel invigorated.
The centaur shoots an arrow.
The arrow hits you.
You regained 6 mp, and now have 7/16 mp.
Unknown command.
You regained 3 hp, and now have 33/41 hp.
You regained 4 mp, and now have 11/16 mp.
You regained 4 hp, and now have 37/41 hp.
You regained 4 mp, and now have 15/16 mp.
You bump into the rock wall.
The centaur shoots an arrow.
The arrow completely misses you.
The centaur shoots an arrow.
The arrow closely misses you.
You regained 3 hp, and now have 40/41 hp.
MP restored: 16 You bump into the rock wall.
The centaur shoots an arrow.
The arrow closely misses you. The two-headed ogre closely misses you.
The two-headed ogre hits you with a giant spiked club!!
Ouch! That really hurt!
You take 26 damage, and have 14/41 hp.
MASSIVE DAMAGE!!
You bump into the rock wall.
The centaur shoots an arrow.
The arrow completely misses you.
The two-headed ogre completely misses you.
The two-headed ogre hits you with a giant spiked club!!
Ouch! That really hurt!
You die...
You are now level 8!
You rejoin the land of the living...
Health restored: 38 You now have 15/15 mp.

......# #.#.#####.#
#..####.#.# #.#.#.#
#.#.......# #.......# #.#.#.#
#.######### ##.####.# #.#.#.#
#.## ##'## ..#.#.# #..##
##...## ###.#.# ##.#.##
##.....## .##.#.# ##..##.##
##.......#
......###.#.....####.........#
................@.<'.........+
..#.#######.....####.......?.#
.##.# ##.#.## ##.......##
###.# #.### ##.....## #.# #..
##...## #.# #... #+## #.#
..... ###. ....


There were no monsters in sight!

Vanquished Creatures
  Pikel (D:4)
  An orc warrior (D:8)
  A phantom (D:9)
  A black bear (D:6)
  5 ogres
  A centaur (D:6)
  A bullfrog (D:7)
  A scorpion (D:9)
  3 howler monkeys
  A centaur zombie (D:9)
  A crimson imp (D:5)
  3 jellies (D:8)
  3 hounds
  5 orc wizards
  6 worker ants
  A hound skeleton (D:4)
  A worker ant zombie (D:8)
  9 adders
  2 howler monkey skeletons (D:4)
  5 oozes (D:8)
  3 dart slugs
  3 worms
  4 leopard geckos
  15 orcs
  7 giant cockroaches
  9 goblins
  8 hobgoblins
  10 jackals
  5 kobolds
  3 quokkas
  10 bats
  4 frilled lizards
  A jackal skeleton (D:6)
  2 leopard gecko skeletons (D:4)
  6 rats
142 creatures vanquished.

Vanquished Creatures (collateral kills)
  A two-headed ogre (D:7)
  An ice beast (D:5)
  A black bear (D:6)
  A jelly (D:8)
  A centaur skeleton (D:5)
  A worker ant zombie (D:6)
  An adder (D:5)
  A shadow imp (D:6)
  An adder zombie (D:7)
  A dart slug (D:4)
  An orc (D:4)
11 creatures vanquished.

Vanquished Creatures (others)
  A bullfrog zombie (D:7)
  A centaur skeleton (D:6)
  2 worker ant zombies
  A scorpion zombie (D:9)
  2 orc zombies (D:4)
  A frilled lizard zombie (D:4)
  A jackal zombie (D:6)
  An orc skeleton (D:8)
10 creatures vanquished.

Grand Total: 163 creatures vanquished

Notes
Turn   | Place    | Note
-------+----------+-------------------------------------------
     0 | D:1      | mhoghedin the Felid Venom Mage began the quest for the Orb.
     0 | D:1      | Reached XP level 1. HP: 7/7 MP: 4/4
   175 | D:1      | Reached skill level 3 in Poison Magic
   235 | D:1      | Reached XP level 2. HP: 11/11 MP: 0/6
   744 | D:1      | Learned a level 2 spell: Poisonous Vapours
   864 | D:2      | Reached XP level 3. HP: 14/14 MP: 1/7
  1020 | D:2      | Reached skill level 4 in Poison Magic
  1055 | D:2      | Learned a level 3 spell: Mephitic Cloud
  1990 | D:2      | Reached XP level 4. HP: 14/18 MP: 3/8
  2145 | D:2      | Found a basalt altar of Yredelemnul.
  2167 | D:2      | Became a worshipper of Yredelemnul the Dark
  2817 | D:3      | HP: 3/18 [quokka (5)]
  3326 | D:3      | Reached skill level 1 in Fighting
  3326 | D:3      | Reached skill level 1 in Unarmed Combat
  3326 | D:3      | Reached XP level 5. HP: 22/22 MP: 0/9
  3606 | D:3      | Found a shadowy altar of Dithmenos.
  4404 | D:4      | Noticed an ogre
  4419 | D:4      | Killed an ogre
  4419 | D:4      | Reached skill level 2 in Fighting
  4419 | D:4      | Reached skill level 3 in Dodging
  4419 | D:4      | Reached skill level 2 in Unarmed Combat
  4517 | D:4      | Noticed an ogre
  4521 | D:4      | Killed an ogre
  4521 | D:4      | Gained mutation: You are covered in thick fur. (AC +2) [Felid growth]
  4521 | D:4      | Reached XP level 6. HP: 27/27 MP: 1/10
  4605 | D:4      | Reached skill level 4 in Dodging
  4707 | D:4      | Reached skill level 3 in Unarmed Combat
  4729 | D:4      | Found an ancient bone altar of Kikubaaqudgha.
  4735 | D:4      | Reached skill level 3 in Fighting
  4820 | D:4      | Found a sparkling altar of Nemelex Xobeh.
  4828 | D:4      | Reached * piety under Yredelemnul
  4840 | D:4      | Reached XP level 7. HP: 27/31 MP: 0/11
  4859 | D:4      | Learned a level 4 spell: Olgreb's Toxic Radiance
  5157 | D:4      | Reached skill level 1 in Invocations
  5496 | D:4      | Reached skill level 5 in Poison Magic
  5501 | D:4      | Got a brightly glowing lead ring
  5502 | D:4      | Identified the ring of the Black Skies {+Blink rF+} (You took it off an orc on level 4 of the Dungeon)
  5635 | D:4      | Noticed Pikel
  5656 | D:4      | Killed Pikel
  5656 | D:4      | Reached skill level 4 in Spellcasting
  5656 | D:4      | Reached skill level 3 in Invocations
  5656 | D:4      | Reached XP level 8. HP: 22/34 MP: 1/15
  5792 | D:5      | Entered Level 5 of the Dungeon
  5803 | D:5      | Found Noustryh's Jewellery Boutique.
  6094 | D:5      | Reached skill level 5 in Dodging
  6290 | D:5      | Bought an uncursed ring of poison resistance for 220 gold pieces
  6345 | D:5      | Found an ornate altar of the Wu Jian Council.
  6346 | D:5      | Found Maihyuff's Antique Armour Emporium.
  6598 | D:6      | Reached skill level 4 in Fighting
  6598 | D:6      | Reached skill level 4 in Unarmed Combat
  6714 | D:6      | Found a staircase to the Ecumenical Temple.
  6904 | D:6      | Reached skill level 6 in Dodging
  7129 | D:6      | Reached ** piety under Yredelemnul
  7282 | D:6      | Found a hazy altar of Hepliaklqana.
  7345 | D:7      | Found an opulent altar of Gozag.
  7669 | D:7      | Found a blossoming altar of Fedhas.
  8074 | D:7      | Reached skill level 5 in Unarmed Combat
  8307 | D:8      | Noticed a two-headed ogre
  8313 | D:8      | Reached skill level 5 in Fighting
  8313 | D:8      | Reached skill level 7 in Dodging
  8313 | D:8      | Reached XP level 9. HP: 40/40 MP: 2/16
  8430 | D:7      | Killed a two-headed ogre
  8592 | D:8      | Found a bloodstained altar of Trog.
  8871 | D:8      | Learned a level 3 spell: Confuse
  8888 | D:8      | Reached skill level 1 in Hexes
  9297 | D:9      | Reached skill level 2 in Hexes
  9330 | D:9      | Reached skill level 3 in Hexes
  9439 | D:9      | Reached skill level 4 in Hexes
  9507 | D:9      | Reached skill level 8 in Dodging
  9541 | D:9      | Noticed a two-headed ogre
  9592 | D:9      | HP: 10/41 [two-headed ogre/giant club (29)]
  9608 | D:9      | Mangled by a two-headed ogre
  9609 | D:9      | Reached XP level 8. HP: -7/38 MP: 15/15
  9609 | D:9      | Quit the game

Vault maps used:
D:1:      eino_arrival_water_star
D:2:      lemuel_zombie_altar_yredelemnul
D:3:      nicolae_overflow_crystal_walls, first_ration
D:4:      kiku_gazebo_pond_becter, nemelex_xobeh_ov_fountains_minmay,
          small_statue_alley_b, uniq_pikel
D:5:      nicolae_overflow_hidden_temple, serial_shops, nicolae_shop_trees,
          nicolae_shop_crystal
D:6:      old_standard_altar, minmay_temple_entry_overgrown
D:7:      kennysheep_little_box, minmay_misc_feat_chi, grunt_gozag_statues
D:8:      hangedman_little_slice_of_home, glass_columns_a,
          kennysheep_cluttered_room, trog_three_pillars_becter
D:9:      overflow_temple_1_default, marbit_many_paths, uniq_psyche

Skill      XL: |  1  2  3  4  5  6  7  8  9 |
---------------+----------------------------+-----
Poison Magic   | 3 4 5 |  5.7
Fighting       | 1 2 3 5 |  5.8
Unarmed Combat | 1 2 3 5 |  5.8
Dodging        | 3 4 7 8 |  8.0
Invocations    | 3 |  3.2
Spellcasting   | 4 |  4.0
Hexes          | 4 |  4.2
Stealth        | |  2.8
Conjurations   | |  0.8

Action                   |  1- 3 |  4- 6 |  7- 9 || total
-------------------------+-------+-------+-------++-------
Melee: Unarmed           |    36 |    44 |   155 ||   235
       Bite              |     1 |     3 |    19 ||    23
       Punch             |       |       |     5 ||     5
 Cast: Sting             |    51 |     2 |       ||    53
       Poisonous Vapours |    25 |    65 |    85 ||   175
       Mephitic Cloud    |       |       |     3 ||     3
       Olgreb's Toxic Ra |       |       |     4 ||     4
       Confuse           |       |       |     6 ||     6
Invok: Animate Remains   |       |       |    19 ||    19
 Abil: Evoke Blink       |       |       |     1 ||     1
Evoke: Wand              |       |       |     7 ||     7
  Use: Scroll            |     1 |     8 |    10 ||    19
       Potion            |       |       |     3 ||     3
 Stab: Sleeping          |     1 |     2 |     6 ||     9
       Confused          |       |       |     2 ||     2
  Eat: Chunk             |     4 |    15 |     8 ||    27
       Ration            |       |       |     2 ||     2
Armor: Skin              |     4 |     3 |     3 ||    10
Dodge: Dodged            |    43 |    41 |   152 ||   236

Table legend:
 A = Spawn XP
 B = Non-spawn XP
 C = Spawn XP percentage of total XP
 D = Spawn monster count
 E = Non-spawn monster count
 F = Spawn count percentage of total count
 G = Total turns spent on level
                    A         B        C        D         E        F      G
               +---------+---------+-------+---------+---------+-------+---------
         Total |       0 |    4162 |   0.0 |       0 |     152 |   0.0 |  9609
               +---------+---------+-------+---------+---------+-------+---------
           D:1 |       0 |      32 |   0.0 |       0 |      17 |   0.0 |   825
           D:2 |       0 |      76 |   0.0 |       0 |      27 |   0.0 |  1371
           D:3 |       0 |     110 |   0.0 |       0 |      25 |   0.0 |  1942
           D:4 |       0 |    1413 |   0.0 |       0 |      30 |   0.0 |  1883
           D:5 |       0 |     341 |   0.0 |       0 |       8 |   0.0 |   564
           D:6 |       0 |     453 |   0.0 |       0 |      13 |   0.0 |   732
           D:7 |       0 |    1016 |   0.0 |       0 |       8 |   0.0 |  1192
           D:8 |       0 |     427 |   0.0 |       0 |      20 |   0.0 |   771
           D:9 |       0 |     294 |   0.0 |       0 |       4 |   0.0 |   329
               +---------+---------+-------+---------+---------+-------+---------

Vault maps used:
D:1:      eino_arrival_water_star
D:2:      lemuel_zombie_altar_yredelemnul
D:3:      nicolae_overflow_crystal_walls, first_ration
D:4:      kiku_gazebo_pond_becter, nemelex_xobeh_ov_fountains_minmay,
          small_statue_alley_b, uniq_pikel
D:5:      nicolae_overflow_hidden_temple, serial_shops, nicolae_shop_trees,
          nicolae_shop_crystal
D:6:      old_standard_altar, minmay_temple_entry_overgrown
D:7:      kennysheep_little_box, minmay_misc_feat_chi, grunt_gozag_statues
D:8:      hangedman_little_slice_of_home, glass_columns_a,
          kennysheep_cluttered_room, trog_three_pillars_becter
D:9:      overflow_temple_1_default, marbit_many_paths, uniq_psyche

Table legend:
 A = Turns spent in this place as a percentage of turns spent in the entire game.
 B = Non-inter-level travel turns spent in this place as a percentage of non-inter-level travel turns spent in the entire game.
 C = Inter-level travel turns spent in this place as a percentage of turns spent in this place.
 D = Turns resting spent in this place as a percentage of non-inter-level travel turns spent in this place.
 E = Turns spent auto-exploring this place as a percentage of non-inter-level travel turns spent in this place.
 F = Non-inter-level travel turns spent in this place divided by the number of levels of this place that you've seen.
                   A       B       C       D       E      F
               +-------+-------+-------+-------+-------+----------------------
         Total | 100.0 | 100.0 |   1.7 |  39.1 |  43.4 | 1049.8
       Dungeon | 100.0 | 100.0 |   1.7 |  39.1 |  43.4 | 1049.8
               +-------+-------+-------+-------+-------+----------------------

Table legend:
 A = Kills in this place as a percentage of kills in entire the game.
 B = Kills by you in this place as a percentage of kills by you in the entire game.
 C = Kills by friends in this place as a percentage of kills by friends in the entire game.
 D = Other kills in this place as a percentage of other kills in the entire game.
 E = Experience gained in this place as a percentage of experience gained in the entire game.
 F = Experience gained in this place divided by the number of levels of this place that you have seen.
                   A       B       C       D       E      F
               +-------+-------+-------+-------+-------+----------------------
         Total | 100.0 | 100.0 | 100.0 |   N/A | 100.0 | 462.4
       Dungeon | 100.0 | 100.0 | 100.0 |   N/A | 100.0 | 462.4
               +-------+-------+-------+-------+-------+----------------------
